 Dungeon Crawl Stone Soup version 0.30-b1-2-g02819fbbbe (webtiles) character file.

Game seed: 9805137900369141632

128 redmage the Digger (level 5, 0/38 HPs)
             Began as a Meteoran Earth Elementalist on Sept 1, 2023.
             Slain by an iguana (4 damage)
             ... on level 4 of the Dungeon.
             The game lasted 00:09:02 (651 turns).

redmage the Digger (Meteoran Earth Elementalist)     Turns: 651, Time: 00:09:03

Health: 0/38       AC:  2    Str: 10    XL:     5   Next: 61%
Magic:  4/13       EV: 12    Int: 18    God:
Gold:   409        SH:  0    Dex: 14    Spells: 7/13 levels left

rFire   . . .        j - +4 short sword
rCold   . . .        (no shield)
rNeg    . . .        a - +0 robe
rPois   .            (no helmet)
rElec   .            (no cloak)
rCorr   .            (no gloves)
SInv    .            (no boots)
Will    .....        (no amulet)
Stlth   +            (no ring)
HPRegen 0.26/turn    (no ring)
MPRegen 0.13/turn

%: no passive effects
@: very slightly contaminated, glowing
A: sense surroundings 1, otherworldly, glowing, explore regen
a: no special abilities


You were on level 4 of the Dungeon.
You visited 1 branch of the dungeon, and saw 5 of its levels.
You also visited: Ossuary.

You collected 409 gold pieces.

Inventory:

Hand Weapons
 j - a +4 short sword (weapon)
Armour
 a - a +0 robe (worn)
Scrolls
 i - a scroll of vulnerability {unknown}
 l - a scroll of enchant weapon {unknown}
Potions
 b - a potion of magic
 c - a potion of heal wounds
 d - a potion of haste {unknown}
 e - a potion of lignification
 f - a potion of attraction
 g - a potion of mutation {unknown}
 h - 2 potions of curing {unknown}
 k - a potion of ambrosia {unknown}


   Skills:
 - Level 2.4 Dodging
 - Level 1.4 Stealth
 + Level 4.6 Spellcasting
 * Level 1.2 Conjurations
 - Level 1.2 Transmutations
 + Level 5.3 Earth Magic


You had 7 spell levels left.
You knew the following spells:

 Your Spells              Type           Power      Damage    Failure   Level
a - Sandblast             Erth           46%        2d11      1%          1
b - Passwall              Tmut/Erth      13%        N/A       5%          2
c - Stone Arrow           Conj/Erth      32%        3d9       11%         3

Your spell library contained the following spells:

 Spells                   Type           Power      Damage    Failure   Level
 Sting                    Tmut/Pois      24%        1d4       11%         1
 Poisonous Vapours        Pois/Air       8%         N/A       21%         2
 Petrify                  Tmut/Erth      16%        N/A       34%         4
 Portal Projectile        Hex/Tloc       8%         N/A       38%         3
 Tukima's Dance           Hex            4%         N/A       38%         3
 Olgreb's Toxic Radiance  Pois           4%         N/A       80%         4
 Blade Hands              Tmut           4%         N/A       93%         5


Dungeon Overview and Level Annotations

Branches:
Dungeon (5/15) Zot: 2440  Ossuary (visited)
 Temple: D:4-7

Altars:

Annotations:
D:5 Ijyb


Innate Abilities, Weirdness & Mutations

You passively map a small area around you.
You are easily found by Zot.
You glow in the dark.
You regain HP and MP as you explore.


Message History

The iguana hisses angrily.
Ijyb screams, "It's all mine!"
Ijyb zaps a wand.
The bolt of light hits you!
There is a stone staircase leading up here.
Casting: Sandblast (safe; 1% risk of failure)
Confirm with . or Enter, or press ? or * to list all spells.
Aiming: Sandblast (safe; 1% risk of failure)
Press: ? - help, Shift-Dir - straight line, f - iguana
Aim: an iguana (85% to hit)
The blast of sand misses the iguana.
The iguana bites you!
Unknown command.
The iguana bites you!
* * * LOW HITPOINT WARNING * * *
Ijyb screams, "Die!"
You climb upwards.
There is a stone staircase leading down here.
Casting: Sandblast (safe; 1% risk of failure)
Confirm with . or Enter, or press ? or * to list all spells.
Aiming: Stone Arrow (dangerous; 11% risk of failure)
Press: ? - help, Shift-Dir - straight line, f - iguana
Aim: an iguana (72% to hit)
You miscast Stone Arrow.
You are very lightly contaminated with residual magic.
Nothing appears to happen.
The iguana misses you.
Unknown command.
Casting: Stone Arrow (dangerous; 11% risk of failure)
Confirm with . or Enter, or press ? or * to list all spells.
Aiming: Stone Arrow (dangerous; 11% risk of failure)
Press: ? - help, Shift-Dir - straight line, f/p - iguana
Aim: an iguana (72% to hit)
The stone arrow misses the iguana.
The iguana bites you.
* * * LOW HITPOINT WARNING * * *
Unknown command.
Casting: Stone Arrow (dangerous; 11% risk of failure)
Confirm with . or Enter, or press ? or * to list all spells.
Aiming: Stone Arrow (dangerous; 11% risk of failure)
Press: ? - help, Shift-Dir - straight line, f/p - iguana
Aim: an iguana (72% to hit)
You miscast Stone Arrow.
Nothing appears to happen.
The iguana bites you.
You die...

..#......#...........#....+.....#
'##......#...........######.....#
..............<.................#
................................#
................#####......###+##
#######∩########....#......'...#
#.# #....'......#...# ###.###
#....#......#...# ##.....##
#@l..#####+## ..+ #8.....8#
#.....#, ### ##.....## #.....# ,
* ####### *#....#######. , , ,
#....#....... , * * , *
##....#....... , * , * ,
#.....')...... ,, ,
#...<†#......# , , , , ,
+.....#......#


You could see an iguana.

Vanquished Creatures
  A human zombie (Ossuary)
  2 mummies (Ossuary)
  A shadow imp (D:5)
  A worm (D:2)
  7 orcs
  4 endoplasms
  3 giant cockroaches
  5 goblins
  A hobgoblin (D:4)
  9 jackals
  2 quokkas
  5 ball pythons
  3 bats
  A frilled lizard (D:1)
  A gnoll zombie (Ossuary)
  4 goblin zombies (Ossuary)
  5 hobgoblin zombies (Ossuary)
  A kobold (D:1)
  3 orc zombies (Ossuary)
  A rat (D:1)
60 creatures vanquished.

Notes
Turn   | Place    | Note
-------+----------+-------------------------------------------
     0 | D:1      | redmage the Meteoran Earth Elementalist began the quest for
                  | the Orb.
     0 | D:1      | Reached XP level 1. HP: 14/14 MP: 5/5
    52 | D:1      | Reached XP level 2. HP: 15/20 MP: 1/7
    61 | D:1      | Reached skill level 4 in Earth Magic
   103 | D:1      | Reached XP level 3. HP: 25/26 MP: 4/8
   218 | D:3      | Noticed a sky beast
   227 | D:2      | Learned a level 2 spell: Passwall
   231 | D:2      | Learned a level 3 spell: Stone Arrow
   289 | D:5      | Entered Level 5 of the Dungeon
   341 | D:4      | Found a sand-covered staircase.
   348 | Ossuary  | Entered an ossuary
   361 | Ossuary  | Reached XP level 4. HP: 33/33 MP: 5/10
   410 | Ossuary  | Reached skill level 5 in Earth Magic
   410 | Ossuary  | Reached XP level 5. HP: 36/38 MP: 0/12
   581 | D:3      | Reached skill level 1 in Conjurations
   631 | D:5      | Noticed Ijyb
   651 | D:4      | Slain by an iguana

Illustrated notes

Levels and vault maps discovered:
D:1:      amcnicky_arrival_underground_garden, layout_loops_cross
D:2:      layout_rooms, serial_shops, nicolae_shop_peninsula
D:3:      layout_rooms, minmay_ruptured, uniq_natasha
D:4:      layout_gridville, chequers_ossuary_entry_cave, uniq_crazy_yiuf_cottage
D:5:      layout_loops_cross, grunt_temple_overflow_order_and_chaos_1,
          nzn_overflow_gifts_of_might_and_magic, nicolae_dithmenos_the_darkroom,
          nicolae_uskayaw_en_pointe, minmay_temple_entry_sparse_star,
          amcnicky_mini_pool_medium, uniq_ijyb, uniq_pikel

Skill      XL: |  1  2  3  4  5 |
---------------+----------------+-----
Spellcasting   | 3 4 |  4.6
Earth Magic    | 4 5 |  5.3
Conjurations   | 1 |  1.2
Dodging        | |  2.4
Stealth        | |  1.4
Transmutations | |  1.2

Action                     |  1- 3 |  4- 6 || total
---------------------------+-------+-------++-------
  Melee: Short sword       |       |    17 ||    17
   Cast: Sandblast         |    45 |    37 ||    82
         Passwall          |     2 |       ||     2
         Stone Arrow       |       |     1 ||     1
    Use: Scroll            |     3 |     2 ||     5
 Armour: Robe              |     4 |     5 ||     9
  Dodge: Dodged            |    24 |    17 ||    41
